 Dungeon Crawl Stone Soup version 0.27.1-1-g398f81649c (webtiles) character file.

Game seed: 13410398455242586282

97 AZSletch the Ruffian (level 4, 0/41 HPs)
             Began as a Troll Transmuter on Sept 15, 2021.
             Succumbed to an orc's poison
             ... on level 3 of the Dungeon.
             The game lasted 00:05:44 (1934 turns).

AZSletch the Ruffian (Troll Transmuter)             Turns: 1934, Time: 00:05:44

Health: 0/41       AC:  5    Str: 18    XL:     4   Next: 42%
Magic:  4/5        EV: 10    Int: 16    God:
Gold:   136        SH:  0    Dex: 10    Spells: 3/6 levels left

rFire    . . .     SeeInvis .     - Unarmed
rCold    + . .     Faith    .   (no shield)
rNeg     + . .     Spirit   .   m - +1 robe {rN+}
rPois    .         Reflect  .   (helmet currently unavailable)
rElec    .         Harm     .   (no cloak)
rCorr    .         Rampage  .   (gloves unavailable)
Will     .....                  (boots unavailable)
Stlth    +.........             (no amulet)
HPRegen  1.13/turn              k - ring of protection from cold
MPRegen  0.09/turn              a - +6 ring of intelligence

@: lethally poisoned (0 -> -12), appendages
A: horns 2, talons 2, large, unfitting armour, claws 3, regeneration 1, shaggy
fur 1, tough skin 1
a: End Transformation


You were on level 3 of the Dungeon.
You had temporarily grown beastly horns and talons.
You visited 1 branch of the dungeon, and saw 3 of its levels.

You collected 136 gold pieces.

Inventory:

Missiles
 b - 10 javelins
 c - 11 poisoned darts (quivered)
 e - 3 boomerangs
Armour
 j - a +0 kite shield
 m - a +1 robe of positive energy (worn)
Jewellery
 a - a +6 ring of intelligence (right claw)
 k - a ring of protection from cold (left claw)
Scrolls
 d - a scroll of fog {unknown}
 g - 5 scrolls of teleportation {unknown}
 l - a scroll of amnesia {unknown}
Potions
 f - a potion of brilliance {unknown}
 h - 2 potions of curing {unknown}
 i - 2 potions of ambrosia {unknown}
 n - a potion of degeneration {unknown}


   Skills:
 + Level 1.6 Fighting
 + Level 2.2 Dodging
 + Level 3.5 Unarmed Combat
 + Level 1.7 Spellcasting
 + Level 2.0 Transmutations


You had 3 spell levels left.
You knew the following spells:

 Your Spells              Type           Power      Damage    Failure   Level
a - Beastly Appendage     Tmut           14%        N/A       10%         1
b - Wereblood             Tmut           7%         N/A       14%         2

Your spell library contained the following spells:

 Spells                   Type           Power      Damage    Failure   Level
 Spider Form              Tmut/Pois      2%         N/A       38%         3
 Ice Form                 Ice/Tmut       4%         N/A       80%         4


Dungeon Overview and Level Annotations

Branches:
Dungeon (3/15)

Altars:

Shops:
D:1 =


Innate Abilities, Weirdness & Mutations

You have temporarily grown beastly horns and talons.
You are too large for most types of armour.
You have claws for hands.
Your natural rate of healing is unusually fast.
You are covered in fur. (AC +1)
You have tough skin. (AC +1)


Message History

You see here a +0 whip.
An orc comes into view. It is wielding a +1 dagger of venom.
The orc shouts!
The orc hits you with a +1 dagger of venom.
You are poisoned.
You closely miss the orc.
You feel very sick.
The orc hits you with a +1 dagger of venom.
You are more poisoned.
You barely miss the orc.
You feel very sick.
You scratch the orc.
The orc is moderately wounded.
You feel very sick.
The orc hits you with a +1 dagger of venom.
You are more poisoned.
You completely miss the orc.
The orc is moderately wounded.
You feel very sick.
The orc hits you with a +1 dagger of venom.
You are more poisoned.
You completely miss the orc.
The orc is moderately wounded.
You feel very sick. The orc barely misses you.
Casting: Beastly Appendage (safe; 10% risk of failure)
Confirm with . or Enter, or press ? or * to list all spells.
You grow a pair of large bovine horns.
Your feet morph into talons.
You feel very sick.
The orc hits you with a +1 dagger of venom.
* * * LOW HITPOINT WARNING * * *
You are lethally poisoned!
You completely miss the orc. Your kick misses the orc.
The orc is moderately wounded.
* * * LOW HITPOINT WARNING * * *
You feel very sick. The orc barely misses you.
You barely miss the orc.
The orc is lightly wounded.
You die...

#.# #.# #.#
#.###############.# #.#
#.#...............# #..
#.#.#############(# ###
#.#.#... #.# #.#.#...
#.# #.#.#..# #.#
#.#.#.o# #.# #.#.#.@#
#.# #.#.#..# #.#
#.#.#..# #.#
#.#.#<.##########.#####
#.#.##...).............
#.#.#.............#####
#.#.#..................
#.#.###################
#.#....................


You could see an orc.

Vanquished Creatures
  2 orc wizards (D:3)
  An adder (D:3)
  A worm (D:2)
  2 dart slugs
  3 orcs (D:3)
  2 endoplasms
  2 giant cockroaches
  2 goblins (D:1)
  2 hobgoblins (D:1)
  2 quokkas
  5 bats
  A frilled lizard (D:1)
  2 kobolds
  4 rats
31 creatures vanquished.

Notes
Turn   | Place    | Note
-------+----------+-------------------------------------------
     0 | D:1      | AZSletch the Troll Transmuter began the quest for the Orb.
     0 | D:1      | Reached XP level 1. HP: 18/18 MP: 1/1
    48 | D:1      | Found Lahapt's Jewellery Boutique.
   103 | D:1      | Reached skill level 1 in Fighting
   234 | D:1      | Reached XP level 2. HP: 21/27 MP: 0/3
   299 | D:1      | Learned a level 2 spell: Wereblood
   417 | D:1      | Found a faded altar of an unknown god.
  1316 | D:3      | Reached XP level 3. HP: 33/33 MP: 4/4
  1324 | D:3      | Reached XP level 4. HP: 32/41 MP: 3/5
  1934 | D:3      | Succumbed to an orc's poison

Illustrated notes

Levels and vault maps discovered:
D:1:      minmay_arrival_checkered_box, layout_basic,
          shapermc_ecumenical_altar_mp_vishouse, serial_shops, shop
D:2:      layout_loops_ring
D:3:      layout_basic

Skill      XL: |  1  2  3  4 |
---------------+-------------+-----
Fighting       | 1 |  1.6
Dodging        | 2 |  2.2
Transmutations | 2 |  2.0
Unarmed Combat | |  3.5
Spellcasting   | |  1.7

Action                   |  1- 3 |  4- 6 || total
-------------------------+-------+-------++-------
Melee: Unarmed           |    48 |    41 ||    89
       Headbutt          |     2 |       ||     2
       Kick              |     3 |       ||     3
Throw: Dart              |       |     4 ||     4
 Cast: Beastly Appendage |     2 |     1 ||     3
 Stab: Sleeping          |     1 |       ||     1
Armor: Robe              |    26 |    16 ||    42
Dodge: Dodged            |    25 |    23 ||    48
